 Dungeon Crawl Stone Soup version 0.29-a0-330-g52719c12eb (webtiles) character file.

Game seed: 8132237784782363608

43 kae the Firebug (level 3, -4/21 HPs)
             Began as an Octopode Fire Elementalist on Apr 23, 2022.
             Slain by an iguana (11 damage)
             ... on level 2 of the Dungeon.
             The game lasted 00:00:45 (1646 turns).

kae the Firebug (Octopode Fire Elementalist)        Turns: 1646, Time: 00:00:46

Health: -4/21      AC:  1    Str:  7    XL:     3   Next: 58%
Magic:  0/6        EV: 13    Int: 25    God:
Gold:   101        SH:  0    Dex: 12    Spells: 6/7 levels left

rFire   . . .      SeeInvis .   e - +0 whip
rCold   . . .      Faith    .   (no shield)
rNeg    . . .      Spirit   .   (helmet restricted)
rPois   .          Reflect  .   (no amulet)
rElec   .          Harm     .   k - +6 ring of intelligence
rCorr   .          Rampage  .   (no ring)
Will    .....                   (no ring)
Stlth   +++.......              (no ring)
HPRegen 0.07/turn               (no ring)
MPRegen 0.10/turn               (no ring)
                                (no ring)
                                (no ring)

@: attractive, very slightly contaminated
A: almost no armour, amphibious, 8 rings, camouflage 1, gelatinous body 1,
(nimble swimmer 1), tentacles
a: no special abilities


You were on level 2 of the Dungeon.
You visited 1 branch of the dungeon, and saw 2 of its levels.

You collected 101 gold pieces.

Inventory:

Hand Weapons
 e - a +0 whip (weapon)
Jewellery
 k - a +6 ring of intelligence (left tentacle)
Scrolls
 d - 2 scrolls of teleportation {unknown}
 h - a scroll of fog {unknown}
 i - a scroll of blinking {unknown}
 j - 2 scrolls of magic mapping {unknown}
Potions
 a - a potion of magic
 c - 2 potions of flight {unknown}
 f - a potion of haste {unknown}
 g - a potion of invisibility {unknown}
 l - a potion of heal wounds {unknown}


   Skills:
 - Level 2.0 Dodging
 - Level 2.6 Stealth
 + Level 2.6 Spellcasting
 + Level 2.0 Conjurations
 + Level 3.5 Fire Magic


You had 6 spell levels left.
You knew the following spells:

 Your Spells              Type           Power      Damage    Failure   Level
a - Foxfire               Conj/Fire      68%        2x1d7     3%          1

Your spell library contained the following spells:

 Spells                   Type           Power      Damage    Failure   Level
 Scorch                   Fire           42%        2d7       3%          2
 Conjure Flame            Conj/Fire      17%        6-21      10%         3
 Inner Flame              Hex/Fire       12%        N/A       16%         3
 Flame Wave               Conj/Fire      17%        2d6       32%         4


Dungeon Overview and Level Annotations

Branches:
Dungeon (2/15)

Altars:


Innate Abilities, Weirdness & Mutations

You cannot wear most types of armour.
You are amphibious.
You can wear up to eight rings at the same time.
Your skin changes colour to match your surroundings (Stealth+).
Your rubbery body absorbs attacks. (AC +1, EV +1)
((You are camouflaged when in or above water. (Stealth+)))
You have tentacles for arms and can constrict up to eight enemies at once.


Message History

Casting: Foxfire (safe; 3% risk of failure)
Confirm with . or Enter, or press ? or * to list all spells.
You conjure some foxfire!
The iguana barely misses you.
The foxfire hits the iguana but does no damage.
The iguana is heavily wounded.
The foxfire hits the iguana.
The iguana is severely wounded.
The iguana barely misses you.
Casting: Foxfire (safe; 3% risk of failure)
Confirm with . or Enter, or press ? or * to list all spells.
You conjure some foxfire!
The iguana barely misses you.
The foxfire hits the iguana but does no damage.
The iguana is severely wounded.
The foxfire hits the iguana but does no damage.
The iguana is severely wounded.
The iguana bites you!
Ouch! That really hurt!
Casting: Foxfire (safe; 3% risk of failure)
Confirm with . or Enter, or press ? or * to list all spells.
You miscast Foxfire.
You are very lightly contaminated with residual magic.
Nothing appears to happen.
The iguana barely misses you.
Casting: Foxfire (safe; 3% risk of failure)
Confirm with . or Enter, or press ? or * to list all spells.
You don't know that spell.
Casting: Foxfire (safe; 3% risk of failure)
Confirm with . or Enter, or press ? or * to list all spells.
You conjure some foxfire!
The iguana barely misses you.
The foxfire hits the iguana but does no damage.
The iguana is severely wounded.
The foxfire hits the iguana but does no damage.
The iguana is severely wounded.
The iguana misses you.
Unknown command.
Okay, then.
It was a potion of attraction.
You feel attractive to monsters. The iguana bites you!
Ouch! That really hurt!
You die...

#.# #.# #.# #.# ##.#
..# #########l#
###........@#
#......####§#
#.#...........
######.#.#...###+###
.............†.....#
######.#........(..#
# #..#........)<.# #
#.##...........# #
)..#.....###'###


You could see an iguana.

Vanquished Creatures
  A gnoll (D:1)
  A worm (D:2)
  4 bats
  4 endoplasms
  3 giant cockroaches (D:1)
  4 goblins
  A hobgoblin (D:1)
  5 jackals (D:1)
  A quokka (D:1)
  A frilled lizard (D:1)
  A rat (D:1)
26 creatures vanquished.

Vanquished Creatures (others)
  70 foxfires
70 creatures vanquished.

Grand Total: 96 creatures vanquished

Notes
Turn   | Place    | Note
-------+----------+-------------------------------------------
     0 | D:1      | kae the Octopode Fire Elementalist began the quest for the
                  | Orb.
     0 | D:1      | Reached XP level 1. HP: 11/11 MP: 3/3
   457 | D:1      | Reached XP level 2. HP: 16/17 MP: 1/5
   916 | D:1      | Reached XP level 3. HP: 21/21 MP: 2/6
  1646 | D:2      | Slain by an iguana

Illustrated notes

Levels and vault maps discovered:
D:1:      minmay_arrival_checkered_box, layout_loops_ring, minmay_liquid_box
D:2:      layout_basic

Skill      XL: |  1  2  3 |
---------------+----------+-----
Conjurations   | 2 |  2.0
Dodging        | |  2.0
Stealth        | |  2.6
Spellcasting   | |  2.6
Fire Magic     | |  3.5

Action                   || total
-------------------------++-------
Melee: Unarmed           ||     2
       Tentacles         ||     5
       Whip              ||    15
       Constrict         ||     3
 Cast: Foxfire           ||    45
  Use: Potion            ||     1
Armor: Skin              ||     1
Dodge: Dodged            ||    21

Table legend: (Time is in decaauts)
 A = Elapsed time spent in this place.
 B = Non-inter-level travel time spent in this place.
 C = Inter-level travel time spent in this place.
 D = Time resting spent in this place.
 E = Time spent auto-exploring this place.
 F = Levels seen in this place.
 G = Mean time per level.
                   A        B        C        D        E       F      G
               +--------+--------+--------+--------+--------+-----+--------+
         Total |   1646 |   1603 |     43 |    149 |   1261 |   2 |  823.0 |
       Dungeon |   1646 |   1603 |     43 |    149 |   1261 |   2 |  823.0 |
               +--------+--------+--------+--------+--------+-----+--------+

Top non-repeatable levels by time:
     D:1: 1375 daAuts
     D:2: 270 daAuts
